Map: Séquenceur EC

Players

bamboleo - Winner!

  • Race: Zerg Zerg
  • League: Gold
  • Spawn Location: 1:00

zidar

  • Race: Zerg Zerg
  • League: Gold
  • Spawn Location: 7:00

VOD

Have the link to the VOD?

Description

Time

  • Played on: July 7, 2017, 3:22 p.m.
  • Length: 14:27
Show
View Real Time Build Order
Export as new Build Order

bamboleo Zerg - Winner!

Build Orders: Hatch First 

Get SALT Encoding   

  12  0:01  Drone  
  13  0:12  Overlord  
  13  0:21  Drone  
  14  0:32  Drone  
  14  0:33  Drone  
  16  0:40  Drone  
  17  1:00  Drone x2  
  17  1:03  Hatchery  
  18  1:04  Extractor  
  17  1:17  Spawning Pool  
  16  1:20  Drone  
  16  1:24  Drone  
  18  1:30  Drone  
  19  1:41  Overlord  
  19  2:05  Metabolic Boost  
  19  2:06  Queen  
  19  2:07  Zergling x2  
  19  2:08  Zergling x2  
  23  2:15  Queen  
  25  2:16  Drone  
  25  2:17  Drone  
  27  2:25  Drone  
  27  2:28  Drone  
  29  2:32  Drone  
  30  2:37  Drone  
  31  2:48  Drone x2  
  33  3:02  Spine Crawler  
  33  3:03  Spine Crawler  
  33  3:04  Overlord  
  33  3:05  Overlord  
  31  3:13  Zergling x4  
  33  3:30  Zergling x12  
  39  3:36  Zergling x2  
  38  3:49  Overlord x2  
  38  3:52  Lair  
  38  3:57  Roach Warren  
  38  4:00  Extractor  
  36  4:08  Extractor, Drone x3  
  34  4:28  Drone x3  
  34  4:30  Drone x6  
  43  4:42  Roach Warren  
  43  4:43  Hatchery  
  41  4:45  Evolution Chamber  
  41  4:47  Baneling Nest  
  39  4:59  Zergling x2  
  41  5:00  Zergling x8  
  41  5:05  Glial Reconstitution  
  44  5:13  Queen  
  46  5:21  Zerg Ground Armor Level 1  
  41  5:38  Roach x4  
  49  5:43  Baneling x5  
  49  5:44  Baneling x2  
  49  5:45  Baneling  
  51  5:57  Roach x3  
  55  6:04  Roach  
  55  6:07  Overlord  
  57  6:17  Baneling x2  
  57  6:20  Overlord x2  
  57  6:30  Roach x3  
  58  6:42  Roach x3  
  62  7:06  Drone x4  
  62  7:07  Drone x5  
  71  7:13  Zergling x2  
  71  7:14  Zergling x4  
  74  7:21  Zerg Missile Weapons Level 1  
  74  7:22  Centrifical Hooks  
  74  7:35  Infestation Pit  
  73  7:38  Zergling x4  
  73  7:39  Zergling x2  
  73  7:40  Drone x4  
  73  7:43  Extractor  
  79  7:45  Extractor  
  79  7:47  Drone x2  
  79  7:48  Drone  
  81  8:03  Hatchery  
  80  8:07  Baneling x4  
  80  8:08  Baneling x6  
  80  8:10  Baneling x2  
  80  8:26  Hydralisk Den  
  79  8:32  Roach  
  79  8:33  Overlord x2  
  79  8:34  Overlord, Overseer  
  81  8:35  Overseer  
  81  8:54  Roach x4  
  81  8:55  Roach x5  
  99  9:09  Hydralisk x3  
  103  9:14  Muscular Augments  
  103  9:15  Overlord  
  105  9:20  Zerg Missile Weapons Level 2  
  105  9:26  Queen  
  105  9:30  Drone x2  
  109  9:31  Drone  
  109  9:33  Drone  
  105  9:54  Spore Crawler  
  105  9:55  Spore Crawler  
  105  9:56  Queen  
  105  10:00  Spore Crawler  
  105  10:02  Spore Crawler, Pneumatized Carapace  
  103  10:12  Hydralisk x4  
  103  10:13  Hydralisk  
  111  10:20  Hydralisk  
  111  10:21  Hydralisk  
  100  11:02  Overlord  
  100  11:03  Overlord x6  
  100  11:04  Overlord  
  97  11:08  Spore Crawler  
  97  11:11  Spore Crawler  
  92  11:14  Hydralisk  
  92  11:15  Hydralisk  
  92  11:18  Hydralisk  
  92  11:23  Hydralisk x2  
  87  11:46  Hydralisk x4  
  73  11:55  Hydralisk  
  73  11:56  Hydralisk  
  63  12:15  Drone  
  63  12:16  Drone x5  
  69  12:36  Hydralisk x2  
  69  12:37  Hydralisk x2  
  77  12:55  Spore Crawler  
  76  13:00  Drone x4  
  76  13:01  Spore Crawler, Drone x5  
  82  13:14  Hydralisk  
  82  13:15  Hydralisk x2  
  88  13:27  Drone x5  
  90  13:28  Drone  
  94  13:36  Queen  
  96  13:51  Hydralisk x2  
  96  13:52  Hydralisk x3  
  106  13:56  Extractor  
Show
View Real Time Build Order
Export as new Build Order

zidar Zerg 

Build Orders: Pool First 

Get SALT Encoding   

  12  0:01  Drone  
  13  0:13  Overlord  
  13  0:17  Drone  
  14  0:31  Drone x2  
  14  0:35  Drone  
  17  0:50  Spawning Pool  
  16  0:57  Drone  
  17  1:17  Hatchery  
  16  1:19  Drone  
  16  1:22  Extractor  
  16  1:24  Drone  
  17  1:36  Queen  
  19  1:44  Overlord  
  20  1:47  Zergling x2  
  20  2:16  Queen  
  20  2:22  Metabolic Boost  
  22  2:25  Zergling x6  
  25  2:35  Zergling x2  
  26  2:50  Drone x6  
  32  3:02  Overlord  
  32  3:05  Overlord  
  27  3:43  Zergling x14  
  27  3:44  Zergling x2  
  35  3:56  Roach Warren  
  34  4:03  Spine Crawler  
  25  4:36  Roach x12  
  49  5:03  Drone x3  
  52  5:12  Overlord  
  52  5:13  Overlord x2  
  52  5:17  Lair  
  52  5:21  Extractor  
  52  5:22  Drone  
  52  5:40  Ravager  
  53  5:56  Zergling x22  
  64  6:16  Overlord  
  64  6:19  Roach x5  
  38  7:04  Roach x6  
  50  7:18  Drone  
  50  7:19  Spire  
  50  7:21  Drone  
  51  7:27  Extractor  
  50  7:45  Drone x6  
  50  7:46  Drone x2  
  58  7:56  Extractor  
  57  8:04  Drone  
  57  8:05  Drone  
  59  8:36  Overlord  
  59  8:37  Overlord  
  59  8:42  Mutalisk  
  59  8:43  Mutalisk x6  
  59  8:46  Mutalisk  
  75  8:55  Mutalisk  
  77  9:10  Mutalisk  
  77  9:13  Hatchery  
  78  9:28  Mutalisk x2  
  82  9:32  Mutalisk  
  84  9:56  Mutalisk  
  84  9:57  Mutalisk  
  78  10:21  Mutalisk  
  78  10:22  Mutalisk x2  
  80  11:00  Mutalisk x4  
  88  11:13  Roach x6  
  57  11:54  Mutalisk  
  57  11:55  Mutalisk x3  
  49  13:09  Zergling x2  
  49  13:10  Zergling x10  
  55  13:29  Zergling x2  
  55  13:30  Zergling x2  
  57  13:47  Drone x4  
Tags
 
Add a new tag
Caveats
  • Supply blocks, unpowered buildings, or Contaminate may cause inaccurate times.
  • Supply counts are checked every 10 seconds.